 Dungeon Crawl Stone Soup version 0.31.0-9-g3a7656b989 (webtiles) character file.

Game seed: 6728379260574331619

126 qw the Skirmisher (level 4, -3/25 HPs)
             Began as a Deep Elf Hunter on Feb 2, 2024.
             Was an Initiate of Okawaru.
             Slain by Pikel
             ... wielding a +0 whip of electrocution
              (6 damage)
             ... on level 4 of the Dungeon.
             The game lasted 00:00:09 (2339 turns).

qw the Skirmisher (Deep Elf Hunter)                 Turns: 2339, Time: 00:00:10

Health: -3/25      AC:  6    Str: 10    XL:     4   Next: 83%
Magic:  6/6        EV:  9    Int: 14    God:    Okawaru [......]
Gold:   288        SH:  0    Dex: 18    Spells: 3/3 levels left

rFire   . . .        a - +2 shortbow
rCold   . . .        (shield currently unavailable)
rNeg    . . .        f - +0 scale mail
rPois   .            (no helmet)
rElec   .            (no cloak)
rCorr   .            (no gloves)
SInv    .            (no boots)
Will    .....        (no amulet)
Stlth   +            (no ring)
HPRegen 0.24/turn    (no ring)
MPRegen 0.10/turn

%: no passive effects
@: no status effects
A: no striking features
a: Renounce Religion


You were on level 4 of the Dungeon.
You worshipped Okawaru.
Okawaru was noncommittal.
You visited 1 branch of the dungeon, and saw 4 of its levels.

You collected 288 gold pieces.


   Skills:
 - Level 1.5 Fighting
 + Level 8.2 Ranged Weapons
 - Level 2.4 Dodging
 - Level 1.2 Stealth


You had 3 spell levels left.
You didn't know any spells.
Your spell library was empty.

Inventory:

Hand Weapons
 a - a +2 shortbow (weapon)
Armour
 b - a +0 ring mail
 f - a +0 scale mail (worn)
Potions
 d - a potion of curing
 g - 3 potions of enlightenment

Dungeon Overview and Level Annotations

Branches:
Dungeon (4/15)             Temple (0/1) D:4

Altars:
Okawaru
Qazlal
Zin
The Shining One

Annotations:
D:4 Pikel


Message History

The lemure hits you.
You shoot an arrow. The lemure shouts!
The arrow hits the lemure.
The lemure is severely wounded.
The lemure hits you.
You shoot an arrow. The arrow hits the lemure!
The lemure is almost dead.
You shoot an arrow. The arrow closely misses Pikel.
The arrow hits the lemure.
The lemure is lightly wounded.
Pikel closely misses you.
You shoot an arrow. The arrow barely misses Pikel.
The arrow closely misses the lemure.
The arrow hits the lemure!
The lemure is moderately wounded.
Pikel closely misses you.
You shoot an arrow. The arrow closely misses Pikel.
The arrow hits the lemure!
The lemure is heavily wounded.
Pikel hits you but does no damage.
You shoot an arrow. The arrow hits Pikel.
Pikel is lightly wounded.
Pikel hits you with a +0 whip of electrocution.
Pikel hits you but does no damage.
You shoot an arrow. The arrow hits Pikel!
Pikel is moderately wounded.
Pikel hits you but does no damage.
You shoot an arrow. The arrow closely misses Pikel.
The arrow completely misses the lemure.
The arrow hits the lemure.
The lemure is moderately wounded.
Pikel hits you with a +0 whip of electrocution.
You shoot an arrow. The arrow misses Pikel.
The arrow barely misses the lemure. x2
Pikel barely misses you.
You shoot an arrow. The arrow hits Pikel.
Pikel is heavily wounded.
Pikel hits you with a +0 whip of electrocution.
You are electrocuted!
Pikel hits you but does no damage.
You shoot an arrow. The arrow completely misses Pikel.
The arrow barely misses the lemure. x2
Pikel hits you with a +0 whip of electrocution.
You die...
Pikel says, "See you in Hell!" #.#.## #.........###....##### +.........+.......>... .........###....##### ....... #......# ..5.. ##.###.# 555

## #.# # #K# #.# #
#@# ##.# # #.# #..#
# ##.## #.## #
##...####### #.# #
#..........# #.# #
####...#####.# #.#
#
#.........##.###.#
#
...###.###........#
# ## #........#####
#


You could see Pikel and 4 lemures.

Vanquished Creatures
  5 adders
  3 dart slugs
  A ribbon worm (D:3)
  3 orcs
  6 endoplasms
  A giant cockroach (D:1)
  4 goblins
  9 hobgoblins
  6 jackals
  6 kobolds
  4 quokkas
  6 ball pythons
  6 bats
  3 frilled lizards (D:3)
  7 rats
70 creatures vanquished.

Notes
Turn   | Place    | Note
-------+----------+-------------------------------------------
     0 | D:1      | qw the Deep Elf Hunter began the quest for the Orb.
     0 | D:1      | Reached XP level 1. HP: 12/12 MP: 3/3
     0 | D:1      | 0 ||| qw: Version: 0.3-a-155-g5e7d8dd
     0 | D:1      | 0 ||| qw: Game counter: 109
     0 | D:1      | 0 ||| qw: Melee chars always use a shield: true
     0 | D:1      | 0 ||| qw: God list: Okawaru
     0 | D:1      | 0 ||| qw: Allow faded altars: false
     0 | D:1      | 0 ||| qw: Do Orc after clearing Dungeon:15 true
     0 | D:1      | 0 ||| qw: Do second Lair branch before Depths: true
     0 | D:1      | 0 ||| qw: Lair rune preference: random
     0 | D:1      | 0 ||| qw: Goals: Normal
     0 | D:1      | 0 ||| PLANNING D:1-11
   114 | D:1      | Reached XP level 2. HP: 16/16 MP: 4/4
   119 | D:1      | Reached skill level 6 in Ranged Weapons
   366 | D:1      | Reached XP level 3. HP: 20/20 MP: 5/5
   556 | D:1      | 556 ||| READING scroll labelled BOT TUYBAQID.
   557 | D:1      | 557 ||| READING scroll labelled ZAS TEANKI.
   558 | D:1      | 558 ||| READING scroll labelled ZEXZUP KOSIRI.
   558 | D:1      | 558 ||| IDENTIFYING murky grey potion
   559 | D:1      | 559 ||| READING scroll labelled USCHUY NUNYDY.
   560 | D:1      | 560 ||| READING scroll labelled XIAGOI VOSHRAUK.
   561 | D:1      | 561 ||| DROPPING scroll of butterflies.
  1092 | D:2      | 1092 ||| READING scroll labelled PIUSET RIUSKE.
  1093 | D:2      | 1093 ||| READING scroll labelled NAPIABUPPA.
  1142 | D:3      | 1142 ||| FLEEEEING.
  1208 | D:3      | Found a faded altar of an unknown god.
  1215 | D:3      | Reached skill level 7 in Ranged Weapons
  1376 | D:3      | Reached XP level 4. HP: 25/25 MP: 6/6
  1387 | D:3      | Found an iron altar of Okawaru.
  1388 | D:3      | 1388 ||| PLANNING OKAWARU WORSHIP
  1393 | D:3      | 1393 ||| READING 3 scrolls of identify.
  1393 | D:3      | 1393 ||| IDENTIFYING silvery potion
  1394 | D:3      | 1394 ||| READING 2 scrolls of identify.
  1394 | D:3      | 1394 ||| IDENTIFYING scroll labelled FEMEURR AWUDAP
  1395 | D:3      | 1395 ||| READING scroll of enchant weapon.
  1395 | D:3      | 1395 ||| ENCHANTING +0 shortbow.
  1400 | D:3      | Became a worshipper of Warmaster Okawaru
  1401 | D:3      | 1401 ||| PLANNING D:1-11
  1948 | D:4      | Found a glowing golden altar of the Shining One.
  1949 | D:4      | Found a stormy altar of Qazlal.
  1952 | D:4      | 1952 ||| UPGRADING to +0 scale mail.
  1957 | D:4      | 1957 ||| UPGRADING to +0 leather armour.
  1962 | D:4      | 1962 ||| UPGRADING to +0 scale mail.
  1972 | D:4      | 1972 ||| DROPPING +0 leather armour.
  1973 | D:4      | 1973 ||| READING 2 scrolls of identify.
  1973 | D:4      | 1973 ||| IDENTIFYING amethyst potion
  1974 | D:4      | 1974 ||| READING scroll of identify.
  1974 | D:4      | 1974 ||| IDENTIFYING 2 scrolls labelled TIADAF CAZUQOE
  1975 | D:4      | 1975 ||| DROPPING potion of attraction.
  1976 | D:4      | 1976 ||| DROPPING 2 scrolls of amnesia.
  2006 | D:4      | Reached skill level 8 in Ranged Weapons
  2071 | D:4      | Found a staircase to the Ecumenical Temple.
  2197 | D:4      | Found a glowing silver altar of Zin.
  2210 | D:4      | 2210 ||| READING scroll of enchant weapon.
  2210 | D:4      | 2210 ||| ENCHANTING +1 shortbow.
  2324 | D:4      | Noticed a lemure
  2324 | D:4      | Noticed a lemure
  2325 | D:4      | Noticed Pikel
  2326 | D:4      | Noticed a lemure
  2328 | D:4      | Noticed a lemure
  2338 | D:4      | HP: 2/25 [Pikel/+0 whip of electrocution (12)]
  2339 | D:4      | Slain by Pikel

Levels and vault maps discovered:
D:1:      minmay_arrival_jagged, layout_rooms
D:2:      layout_loops_ring, minivault_19
D:3:      layout_rooms, hellmonk_okawaru_the_only_friend_you_need,
          hellmonk_ecumenical_altar_pennies_from_heaven,
          nicolae_elevator_lobby_plus
D:4:      layout_loops_corners, mainiacjoe_overflow_six_doors_small,
          jmf_multi_god_temple, minmay_temple_entry_gardened_gates,
          minmay_misc_feat_ornament, minmay_misc_feat_tiny,
          hangedman_decor_lopped, mrwooster_statue_mirror, st_stairs_12,
          uniq_pikel

Skill      XL: |  1  2  3  4 |
---------------+-------------+-----
Ranged Weapons | 6 7 8 |  8.2
Fighting       | |  1.5
Dodging        | |  2.4
Stealth        | |  1.2

Action                     |  1- 3 |  4- 6 || total
---------------------------+-------+-------++-------
   Fire: Shortbow          |   128 |    73 ||   201
    Use: Scroll            |     7 |     6 ||    13
 Armour: Leather armour    |    20 |    12 ||    32
         Scale mail        |       |    20 ||    20
  Dodge: Dodged            |    21 |    15 ||    36

Table legend:
 A = Non-vault XP
 B = Vault XP
 C = Vault XP percentage of total XP
 D = Non-vault monster count
 E = Vault monster count
 F = Vault count percentage of total count
                 A         B        C        D         E       F
            +---------+---------+-------+---------+---------+-------
      Total |     162 |      18 |  10.0 |      67 |       3 |   4.3
            +---------+---------+-------+---------+---------+-------
        D:1 |      45 |       0 |   0.0 |      27 |       0 |   0.0
        D:2 |       6 |       0 |   0.0 |       5 |       0 |   0.0
        D:3 |      72 |       0 |   0.0 |      22 |       0 |   0.0
        D:4 |      39 |      18 |  31.6 |      13 |       3 |  18.8
            +---------+---------+-------+---------+---------+-------
